 Dungeon Crawl Stone Soup version 0.27-a0-965-gbf8bb431c4 (webtiles) character file.

Game seed: 6095829175083584307

807 polve the Spear-Bearer (level 7, 0/52 HPs)
             Began as a Demonspawn Abyssal Knight on Apr 12, 2021.
             Was a Priest of Lugonu.
             Slain by an ogre
             ... wielding a +0 giant spiked club
              (10 damage)
             ... on level 5 of the Dungeon.
             The game lasted 00:04:15 (4350 turns).

polve the Spear-Bearer (Demonspawn Abyssal Knight)  Turns: 4350, Time: 00:04:15

Health: 0/52       AC: 11    Str: 15    XL:     7   Next: 60%
Magic:  8/8        EV:  9    Int: 13    God:    Lugonu [***...]
Gold:   154        SH:  4    Dex: 14    Spells: 6/6 levels left

rFire    . . .     SeeInvis .   a - +1 spear
rCold    . . .     Faith    .   (no shield)
rNeg     . . .     Spirit   .   j - +0 scale mail
rPois    .         Reflect  .   y - +0 helmet
rElec    .         Harm     .   (no cloak)
rCorr    .         Rampage  .   (no gloves)
Will     .....                  (no boots)
Stlth    +.........             (no amulet)
HPRegen  0.17/turn              (no ring)
MPRegen  0.11/turn              (no ring)

@: no status effects
A: thin skeletal structure 1, icemail 1, spiny 1, condensation shield
a: Renounce Religion, Depart the Abyss, Bend Space, Banish


You were on level 5 of the Dungeon.
You worshipped Lugonu.
Lugonu was most pleased with you.
You visited 1 branch of the dungeon, and saw 5 of its levels.
You visited the Abyss 1 time.

You collected 154 gold pieces.

Inventory:

Hand Weapons
 a - a +1 spear (weapon)
Armour
 b - a +0 leather armour
 g - a +0 ring mail
 j - a +0 scale mail (worn)
 v - a +0 kite shield
 y - a +0 helmet (worn)
Jewellery
 c - an amulet of guardian spirit
 r - an amulet of the acrobat
 B - a +6 ring of dexterity
Wands
 l - a wand of iceblast (7)
Scrolls
 d - 2 scrolls of teleportation {unknown}
 e - 2 scrolls of identify {unknown}
 k - a scroll of blinking {unknown}
 o - a scroll of enchant armour {unknown}
 p - 4 scrolls of magic mapping {unknown}
 q - a scroll of noise {unknown}
 t - a scroll of enchant weapon {unknown}
 w - a scroll of fear {unknown}
Potions
 f - a potion of attraction {unknown}
 h - 2 potions of invisibility {unknown}
 i - a potion of mutation {unknown}
 m - 3 potions of curing {unknown}
 n - a potion of haste {unknown}
 s - a potion of heal wounds {unknown}
 u - 2 potions of brilliance {unknown}
 x - a potion of magic {unknown}
 z - a potion of lignification {unknown}
 A - a potion of flight {unknown}


   Skills:
 - Level 3.0 Fighting
 + Level 8.1 Polearms
 - Level 1.7 Armour
 - Level 0.8 Dodging
 - Level 2.4 Invocations


You had 6 spell levels left.
You didn't know any spells.
Your spell library contained the following spells:

 Spells                   Type           Power      Damage    Failure   Level
 Animate Skeleton         Necr           0%         N/A       77%         1
 Corona                   Hex            0%         N/A       77%         1
 Pain                     Necr           0%         1d4       77%         1
 Ensorcelled Hibernation  Hex/Ice        0%         N/A       88%         2
 Confusing Touch          Hex            0%         N/A       98%         3
 Dazzling Flash           Conj/Hex       0%         N/A       98%         3
 Tukima's Dance           Hex            0%         N/A       98%         3
 Vampiric Draining        Necr           0%         2d6       98%         3
 Animate Dead             Necr           0%         N/A       100%        4
 Agony                    Necr           0%         N/A       100%        5


Dungeon Overview and Level Annotations

Branches:
Dungeon (5/15)
 Temple: D:4-7

Altars:
Nemelex Xobeh

Shops:
D:4 [


Innate Abilities, Weirdness & Mutations

You have a somewhat thin skeletal structure. (Dex +2, Stealth)
A meltable icy envelope protects you from harm. (AC +4)
You are partially covered in sharp spines.
A meltable shield of frost defends you. (SH +4)


Message History

Lugonu accepts your kill.
An ogre comes into view. It is wielding a +0 giant spiked club.
An ogre is nearby!
An ogre is nearby!
An ogre is nearby!
The ogre shouts!
Things that are here:
a +0 dagger; a +0 robe
Items here: )) ††.
Reach: a) +1 spear
Press: ? - help, Dir - move target, f - ogre
Aim: an ogre, wielding a +0 giant spiked club (about 21% to evade your +1 spear)
You reach to attack!
You hit the ogre.
The ogre is lightly wounded.
You hit the ogre.
The ogre is heavily wounded.
You hit the ogre.
The ogre is heavily wounded.
The ogre barely misses you.
You completely miss the ogre.
The ogre is heavily wounded.
You hit the ogre.
The ogre is heavily wounded.
The ogre hits you with a +0 giant spiked club!!
Ouch! That really hurt!
* * * LOW HITPOINT WARNING * * *
You barely miss the ogre.
The ogre is heavily wounded.
You hit the ogre.
The ogre is heavily wounded.
The ogre is struck by your spines.
The ogre hits you with a +0 giant spiked club.
* * * LOW HITPOINT WARNING * * *
You hit the ogre but do no damage.
The ogre is severely wounded.
You barely miss the ogre.
The ogre is severely wounded.
The ogre is struck by your spines.
The ogre hits you with a +0 giant spiked club!
You die...

### ..#
#.# #.#
#.#
#@#####
#.O...#
#####.#
#.# #.#
#.# #.#
#.# #)#


You could see an ogre.

Vanquished Creatures
  A black bear (D:3)
  2 necrophages
  A water moccasin zombie (D:5)
  A howler monkey (D:5)
  2 bullfrog skeletons (D:4)
  A hound (D:5)
  A jelly (D:4)
  An orc priest (D:5)
  Natasha (twice) (D:2)
  An orc wizard (D:5)
  Robin (D:4)
  4 gnolls (D:4)
  5 adders
  An adder zombie (D:5)
  2 worms
  4 dart slugs
  4 orcs
  4 endoplasms
  5 giant cockroaches
  14 goblins
  9 hobgoblins
  10 jackals
  2 quokkas
  10 ball pythons
  2 bats (D:1)
  6 frilled lizards
  6 kobolds
  6 rats
108 creatures vanquished.

Vanquished Creatures (others)
  An orc wizard (D:5)
1 creature vanquished.

Grand Total: 109 creatures vanquished

Notes
Turn   | Place    | Note
-------+----------+-------------------------------------------
     0 | Abyss:1  | polve the Demonspawn Abyssal Knight began the quest for the
                  | Orb.
     0 | Abyss:1  | Reached XP level 1. HP: 18/18 MP: 2/2
   123 | Abyss:1  | Noticed a tentacled starspawn
   124 | D:1      | Escaped the Abyss
   193 | D:1      | Reached skill level 2 in Polearms
   201 | D:1      | Gained mutation: You are partially covered in sharp spines.
                  | [demonic ancestry]
   201 | D:1      | Reached XP level 2. HP: 24/24 MP: 3/3
   240 | D:1      | Reached * piety under Lugonu
   480 | D:1      | Reached skill level 3 in Polearms
   649 | D:1      | Gained mutation: A meltable shield of frost defends you.
                  | (SH +4) [demonic ancestry]
   649 | D:1      | Reached XP level 3. HP: 28/29 MP: 4/4
   953 | D:1      | Found a faded altar of an unknown god.
  1501 | D:2      | Gained mutation: A meltable icy envelope protects you from
                  | harm. (AC +4) [demonic ancestry]
  1501 | D:2      | Reached XP level 4. HP: 35/35 MP: 5/5
  1666 | D:2      | Noticed Natasha
  1675 | D:2      | Reached skill level 4 in Polearms
  1678 | D:2      | Killed Natasha
  1827 | D:2      | Noticed Natasha
  1835 | D:2      | Killed Natasha
  1897 | D:3      | Reached ** piety under Lugonu
  2279 | D:3      | Reached XP level 5. HP: 41/41 MP: 6/6
  2459 | D:3      | Found a sparkling altar of Nemelex Xobeh.
  2625 | D:4      | Reached skill level 5 in Polearms
  2705 | D:4      | Found Givug's Armour Boutique.
  2843 | D:4      | Noticed a black bear
  2957 | D:3      | Killed a black bear
  2958 | D:3      | Gained mutation: You have a somewhat thin skeletal
                  | structure. (Dex +2, Stealth) [demonic ancestry]
  2958 | D:3      | Reached XP level 6. HP: 29/47 MP: 7/7
  3180 | D:4      | Reached skill level 6 in Polearms
  3601 | D:4      | Noticed Robin
  3948 | D:4      | Reached *** piety under Lugonu
  3949 | D:4      | Killed Robin
  3950 | D:4      | Reached skill level 7 in Polearms
  4083 | D:5      | Entered Level 5 of the Dungeon
  4093 | D:5      | Reached XP level 7. HP: 52/52 MP: 8/8
  4239 | D:5      | Reached skill level 8 in Polearms
  4350 | D:5      | Slain by an ogre

Illustrated notes

Levels and vault maps discovered:
D:1:      amcnicky_arrival_blooded_trapdoor, layout_loops_cross,
          shapermc_ecumenical_altar_flowoftime, minmay_pentomino_q4
D:2:      layout_loops_cross, kennysheep_path_1, uniq_natasha
D:3:      layout_loops_ring, nemelex_xobeh_ov_fountains_minmay,
          kennysheep_potato
D:4:      layout_gridville, serial_shops, nicolae_shop_waterfront, uniq_robin
D:5:      layout_loops_ring, st_stairs_7

Skill      XL: |  1  2  3  4  5  6  7 |
---------------+----------------------+-----
Polearms       | 2 3 4 5 7 8 |  8.1
Fighting       | |  3.0
Armour         | |  1.7
Dodging        | |  0.8
Invocations    | |  2.4

Action                   |  1- 3 |  4- 6 |  7- 9 || total
-------------------------+-------+-------+-------++-------
Melee: Spear             |    96 |   188 |    87 ||   371
Invok: Depart the Abyss  |     1 |       |       ||     1
  Use: Potion            |       |     1 |       ||     1
 Stab: Sleeping          |     1 |       |       ||     1
       Distracted        |       |       |     1 ||     1
Armor: Leather armour    |     8 |       |       ||     8
       Scale mail        |    10 |    56 |    23 ||    89
       Ring mail         |     4 |       |       ||     4
Dodge: Dodged            |    31 |    61 |    12 ||   104
Block: Other             |     5 |    28 |     6 ||    39

Table legend: (Time is in decaauts)
 A = Elapsed time spent in this place.
 B = Non-inter-level travel time spent in this place.
 C = Inter-level travel time spent in this place.
 D = Time resting spent in this place.
 E = Time spent auto-exploring this place.
 F = Levels seen in this place.
 G = Mean time per level.
                   A        B        C        D        E       F      G
               +--------+--------+--------+--------+--------+-----+--------+
         Total |   4290 |   3980 |    310 |      0 |   3345 |   6 |  715.0 |
       Dungeon |   4164 |   3854 |    310 |      0 |   3223 |   5 |  832.8 |
         Abyss |    125 |    125 |      0 |      0 |    121 |   1 |  125.0 |
               +--------+--------+--------+--------+--------+-----+--------+

Top non-repeatable levels by time:
     D:3: 1213 daAuts
     D:1: 1064 daAuts
     D:4: 978 daAuts
     D:2: 668 daAuts
     D:5: 240 daAuts
 Abyss:1: 125 daAuts
